Map: Ascension to Aiur LE

Players

Nice - Winner!

  • Race: Protoss Protoss
  • Spawn Location: 11:00

NoRegreT

  • Race: Zerg Zerg
  • Spawn Location: 5:00

Event: WCS Montreal 2017

VOD

Have the link to the VOD?

Description

Time

  • Played on: Sept. 8, 2017, 3:15 p.m.
  • Length: 8:11

All games in this series

Show
View Real Time Build Order
Export as new Build Order

Nice Protoss - Winner!

Build Orders:  

Get SALT Encoding   

  12  0:01  Probe (Chrono Boost)  
  13  0:11  Probe (Chrono Boost)  
  14  0:17  Pylon  
  14  0:22  Probe (Chrono Boost)  
  15  0:35  Probe (Chrono Boost)  
  16  0:38  Gateway  
  16  0:46  Probe (Chrono Boost)  
  16  0:47  Assimilator  
  17  0:56  Probe (Chrono Boost)  
  18  1:07  Probe (Chrono Boost)  
  19  1:17  Probe (Chrono Boost)  
  20  1:25  Zealot (Chrono Boost)  
  22  1:26  Cybernetics Core  
  22  1:28  Pylon  
  22  1:31  Pylon  
  22  1:32  Probe  
  23  1:48  Gateway  
  23  2:02  Mothership Core (Chrono Boost)  
  23  2:03  Adept (Chrono Boost)  
  27  2:31  Adept (Chrono Boost)  
  27  2:34  Warp Gate (Chrono Boost)  
  29  2:44  Gateway  
  29  2:46  Pylon  
  29  3:00  Nexus  
  29  3:06  Sentry (Chrono Boost)  
  30  3:17  Pylon  
  28  3:22  Gateway  
  28  3:25  Probe (Chrono Boost)  
  29  3:37  Probe (Chrono Boost), Assimilator  
  30  3:44  Pylon  
  30  3:56  Adept  
  30  3:59  Adept  
  32  4:16  Probe (Chrono Boost)  
  31  4:25  Probe (Chrono Boost)  
  31  4:28  Probe (Chrono Boost)  
  33  4:36  Probe (Chrono Boost), Stalker  
  36  4:39  Probe (Chrono Boost)  
  37  4:47  Probe (Chrono Boost)  
  37  4:50  Probe (Chrono Boost), Twilight Council  
  39  4:57  Probe (Chrono Boost)  
  40  5:01  Probe (Chrono Boost)  
  40  5:05  Pylon  
  41  5:08  Probe (Chrono Boost)  
  41  5:12  Probe (Chrono Boost)  
  43  5:16  Robotics Facility  
  43  5:20  Probe (Chrono Boost)  
  44  5:21  Resonating Glaives  
  44  5:22  Probe (Chrono Boost)  
  45  5:30  Probe (Chrono Boost)  
  45  5:33  Probe (Chrono Boost)  
  45  5:35  Pylon  
  47  5:41  Probe (Chrono Boost)  
  48  5:44  Assimilator  
  48  5:47  Probe (Chrono Boost)  
  48  5:49  Assimilator  
  49  5:50  Pylon  
  49  6:02  Warp Prism (Chrono Boost), Sentry  
  51  6:05  Probe x2  
  51  6:11  Dark Shrine  
  51  6:15  Gateway  
  51  6:17  Probe, Gateway  
  52  6:29  Gateway  
  52  6:33  Probe x2  
  52  6:36  Gateway  
  52  6:37  Gateway  
  54  6:45  Warp Prism (Chrono Boost)  
  56  6:56  Adept  
  56  7:01  Adept x2  
  62  7:08  Pylon  
  62  7:11  Pylon  
  62  7:25  Dark Templar x4  
  62  7:26  Adept  
  72  7:31  Adept  
  72  7:36  Adept x2  
  78  7:50  Pylon  
  76  7:54  Adept x2  
  76  7:56  Adept x2  
  76  7:57  Adept x2  
  88  8:09  Adept  
  88  8:10  Adept  
Show
View Real Time Build Order
Export as new Build Order

NoRegreT Zerg 

Build Orders: Pool First 

Get SALT Encoding   

  12  0:17  Spawning Pool  
  11  0:21  Drone  
  11  0:26  Drone  
  13  0:31  Drone  
  14  0:39  Extractor  
  14  0:42  Overlord  
  13  1:04  Zergling x4  
  14  1:05  Zergling x2  
  14  1:07  Queen  
  18  1:16  Zergling x2  
  19  1:27  Zergling x2  
  20  1:37  Zergling x2  
  21  1:40  Metabolic Boost  
  21  2:02  Zergling x2  
  22  2:14  Hatchery  
  21  2:16  Zergling x2  
  22  2:29  Zergling x2  
  22  2:32  Overlord  
  22  2:33  Extractor  
  22  2:34  Zergling x2  
  23  2:44  Evolution Chamber  
  22  2:50  Zergling x4  
  24  2:51  Zergling x2  
  25  3:02  Zergling x4  
  27  3:07  Zergling x2  
  27  3:12  Zergling x2  
  26  3:17  Zergling x2  
  25  3:26  Drone  
  25  3:31  Drone  
  26  3:38  Drone  
  24  4:05  Zergling x6  
  24  4:08  Drone  
  24  4:09  Drone  
  23  4:11  Drone x3  
  23  4:14  Drone  
  25  4:17  Drone  
  25  4:22  Drone  
  27  4:30  Queen  
  29  4:35  Drone  
  30  4:38  Drone  
  30  4:41  Drone  
  30  4:44  Drone  
  33  4:47  Drone  
  33  4:50  Drone  
  35  4:54  Overlord  
  35  5:01  Overlord  
  35  5:04  Zerg Melee Weapons Level 1  
  35  5:13  Zergling x10  
  40  5:20  Drone  
  41  5:21  Drone  
  41  5:23  Zergling x2  
  41  5:24  Zergling x2  
  44  5:35  Zergling x2  
  45  5:36  Zergling x2  
  45  5:38  Zergling x2  
  45  5:40  Zergling x2  
  45  5:41  Zergling x2  
  45  5:42  Hatchery  
  48  5:44  Zergling x2  
  48  5:46  Zergling x2  
  48  5:48  Zergling x2  
  51  5:55  Zergling x2  
  51  6:00  Zergling x2  
  51  6:01  Zergling x2  
  52  6:08  Overlord  
  52  6:12  Overlord  
  48  6:26  Drone x2  
  48  6:27  Drone x2  
  48  6:30  Overlord  
  51  6:33  Drone x3  
  51  6:39  Queen  
  54  6:40  Drone  
  54  6:41  Drone x3  
  54  6:46  Overlord  
  59  6:55  Zergling x2  
  59  6:57  Zergling x2  
  59  6:58  Zergling x2  
  61  7:03  Baneling Nest  
  61  7:05  Zergling x4  
  61  7:06  Zergling x6  
  65  7:09  Zergling x4  
  65  7:10  Zergling x4  
  65  7:14  Zergling x2  
  70  7:15  Zergling x2  
  70  7:21  Zergling x2  
  69  7:24  Zergling x2  
  69  7:27  Zergling x2  
  69  7:33  Spore Crawler  
  69  7:36  Spore Crawler  
  63  7:37  Spore Crawler  
  63  7:39  Zergling x4  
  63  7:41  Zergling x4  
  63  7:45  Zergling x8  
  63  7:47  Zergling x4  
  63  7:49  Zergling x2  
Tags
 
Add a new tag
Caveats
  • Supply blocks, unpowered buildings, or Contaminate may cause inaccurate times.
  • Supply counts are checked every 10 seconds.